[Event "MI ECAM Lyon"]
[Site "?"]
[Date "2023.04.13"]
[Round "6.1"]
[White "Bassini, Emile"]
[Black "Ernst, Luca"]
[Result "1-0"]
[ECO "B45"]
[WhiteElo "2373"]
[BlackElo "2240"]
[PlyCount "145"]
[EventDate "2023.04.11"]
[SourceDate "2023.04.11"]
[TimeControl "1/40:0"]

1. e4 c5 2. Nf3 e6 3. d4 cxd4 4. Nxd4 Nf6 5. Nc3 Nc6 6. Ndb5 Bc5 7. Bf4 O-O 8.
Bc7 Qe7 9. Bd6 Bxd6 10. Qxd6 Qd8 11. O-O-O a6 12. Nd4 Ne7 13. h4 b5 14. h5 Ne8
15. Qh2 b4 16. h6 g6 17. Nce2 Bb7 18. f3 d6 19. e5 Nd5 20. exd6 Rc8 21. Kb1
Qxd6 22. Qxd6 Nxd6 23. Ng3 Rfd8 24. Re1 a5 25. Rh4 Nb6 26. Bd3 Bd5 27. b3 Nd7
28. Nf1 Nc5 29. Ne3 Nxd3 30. cxd3 Nb7 31. Ndc2 Rc3 32. Rd4 Rc5 33. Nc4 Bxc4 34.
Rxd8+ Nxd8 35. dxc4 Kf8 36. Nd4 Ke7 37. g4 f6 38. a3 Re5 39. Rd1 Re3 40. axb4
e5 41. Nc2 Rxb3+ 42. Ka2 Rc3 43. Kb2 Rxc4 44. bxa5 Ra4 45. Ra1 Rxa1 46. Kxa1
Kd6 47. a6 Ne6 48. a7 Nc7 49. Ne3 Kc6 50. g5 fxg5 51. Ng4 e4 52. fxe4 Kb7 53.
Nf6 g4 54. Nxh7 Ne6 55. Nf6 Ng5 56. h7 Nxh7 57. Nxh7 g3 58. Ng5 g2 59. Nf3 Kxa7
60. Kb2 Kb6 61. Kc3 Kc5 62. Kd3 g5 63. Ng1 Kd6 64. Kd4 g4 65. e5+ Ke7 66. Kd5
Kd7 67. e6+ Ke7 68. Ke5 g3 69. Ne2 Kf8 70. Kd6 Ke8 71. e7 g1=Q 72. Nxg1 g2 73.
Ne2 1-0

[Event "MI ECAM Lyon"]
[Site "?"]
[Date "2023.04.14"]
[Round "7.1"]
[White "Roshka, Yevgeniy"]
[Black "Martinovici, Ilia"]
[Result "1/2-1/2"]
[ECO "D14"]
[WhiteElo "2505"]
[BlackElo "2423"]
[PlyCount "38"]
[EventDate "2023.04.11"]
[SourceDate "2023.04.11"]
[TimeControl "1/40:0"]

1. d4 d5 2. c4 c6 3. Nf3 Nf6 4. cxd5 cxd5 5. Bf4 Nc6 6. Nc3 Bf5 7. e3 e6 8. Bd3
Bxd3 9. Qxd3 Bd6 10. Bxd6 Qxd6 11. O-O O-O 12. Rac1 Rfc8 13. Ne2 Ne7 14. Rxc8+
Rxc8 15. Rc1 Rxc1+ 16. Nxc1 Qc6 17. Ne2 h6 18. Qc3 Qxc3 19. Nxc3 Nc6 1/2-1/2

[Event "MI ECAM Lyon"]
[Site "?"]
[Date "2023.04.15"]
[Round "8.1"]
[White "Bassini, Emile"]
[Black "Degebuadze, Alexandre"]
[Result "1/2-1/2"]
[ECO "C18"]
[WhiteElo "2373"]
[BlackElo "2428"]
[Annotator "fabri"]
[PlyCount "78"]
[EventDate "2023.04.11"]
[SourceDate "2023.04.11"]
[TimeControl "1/40:0"]

1. e4 e6 2. d4 d5 3. Nc3 Bb4 4. e5 Ne7 5. a3 Bxc3+ 6. bxc3 c5 7. Qg4 O-O 8. Bd3
Nbc6 9. Bg5 Qa5 10. Ne2 Ng6 11. O-O Qa4 12. f4 b6 13. h4 c4 14. Bxg6 fxg6 15.
f5 gxf5 16. Qg3 Rf7 17. Nf4 Kf8 18. h5 h6 19. Bh4 Kg8 20. Rf2 Bd7 21. Qf3 Qb5
22. Kh2 Qb2 23. Rg1 Raf8 24. g4 fxg4 25. Qxg4 Ne7 26. Bf6 Nf5 27. Rfg2 Rxf6 28.
exf6 Rxf6 29. Ng6 Qxa3 30. Qf4 Be8 31. Nh4 Qf8 32. Nxf5 Rxf5 33. Rxg7+ Qxg7 34.
Rxg7+ Kxg7 35. Qc7+ Bf7 36. Kg3 a5 37. Qxb6 a4 38. Qa7 a3 39. Qxa3 Bxh5 1/2-1/2